 Dungeon Crawl Stone Soup version 0.17.0-28-g6e173f8 (webtiles) character file.

264 dohliylev the Covert (level 5, -3/38 HPs)
             Began as a Vampire Assassin on Nov 28, 2015.
             Was an Initiate of Dithmenos.
             Slain by a water moccasin skeleton (5 damage)
             ... on level 4 of the Dungeon.
             The game lasted 00:17:20 (3042 turns).

dohliylev the Covert (Vampire Assassin)             Turns: 3042, Time: 00:17:21

Health: -3/38      AC:  4    Str: 10    XL:     5   Next: 98%
Magic:  14/14      EV: 12    Int: 13    God:    Dithmenos [......]
Gold:   164        SH:  0    Dex: 17    Spells: 0 memorised, 4 levels left

rFire  + . .     SeeInvis +     a - +2 dagger
rCold  . . .     Clarity  .     c - +0 robe
rNeg   + . .     SustAt   .     (no shield)
rPois  .         Gourm    .     h - +0 helmet
rElec  .         Spirit   .     q - +0 cloak
rCorr  .         Warding  .     (no gloves)
rMut   .         Stasis   .     (no boots)
MR     .....                    (no amulet)
Stlth  +++++.....               w - ring of magical power
                                u - ring of protection from fire

@: not resistant to hostile enchantments, quite stealthy
A: fangs 3, see invisible, unbreathing
a: Bat Form, Renounce Religion


You were on level 4 of the Dungeon.
You worshipped Dithmenos.
Dithmenos was noncommittal.
You were not thirsty.

You visited 2 branches of the dungeon, and saw 5 of its levels.

You collected 164 gold pieces.

Inventory:

Hand Weapons
 a - a +2 dagger (weapon)
 b - a +0 blowgun
Missiles
 e - 20 poisoned needles
 f - 2 curare-tipped needles
 p - 2 tomahawks (quivered)
Armour
 c - a +0 robe (worn)
 h - a +0 helmet (worn)
 q - a +0 cloak (worn)
Jewellery
 u - a ring of protection from fire (left hand)
 w - a ring of magical power (right hand)
Wands
 x - a wand of fire (7)
Scrolls
 i - a scroll of enchant weapon {unknown}
 k - 2 scrolls of remove curse {unknown}
 l - 2 scrolls of random uselessness {unknown}
 m - a scroll of enchant armour {unknown}
 n - a scroll of amnesia {unknown}
 t - a scroll of identify {unknown}
 v - a scroll of magic mapping {unknown}
Potions
 d - 2 potions of lignification {unknown}
 g - 20 potions of blood
 j - 2 potions of might {unknown}
 r - 2 potions of brilliance {unknown}
 s - a potion of curing {unknown}
Books
 y - a Grand Grimoire

   Spells                             Type                      Level
   a - Monstrous Menagerie            Summoning                    6
   b - Summon Greater Demon           Summoning                    7
   c - Malign Gateway                 Summoning/Translocation      7
   d - Summon Horrible Things         Summoning                    8
Miscellaneous
 o - a plain deck of defence


   Skills:
 - Level 1.7 Fighting
 - Level 2.1 Short Blades
 - Level 1.6 Throwing
 - Level 1.1 Dodging
 * Level 10.9 Stealth


You had 4 spell levels left.
You didn't know any spells.

Dungeon Overview and Level Annotations

Branches:
Dungeon (4/15)             Temple (1/1) D:4

Altars:
Ashenzari
Cheibriados
Dithmenos
Elyvilon
Fedhas
Kikubaaqudgha
Makhleb
Nemelex Xobeh
Qazlal
Ru
Vehumet
Xom
Yredelemnul
Zin


Innate Abilities, Weirdness & Mutations

You have razor-sharp teeth.
You have supernaturally acute eyesight.
You can survive without breathing.


Message History

Drink which item? (? for menu, Esc to quit)
Yummy - fresh blood!
You hit the water moccasin skeleton. The water moccasin skeleton bites you.
* * * LOW HITPOINT WARNING * * *
The water moccasin skeleton bites you.
* * * LOW HITPOINT WARNING * * *
You hit the water moccasin skeleton.
The water moccasin skeleton closely misses you.
There is an open door here.
The water moccasin skeleton barely misses you.
You hit the water moccasin skeleton.
The water moccasin skeleton closely misses you.
You hit the water moccasin skeleton.
The water moccasin skeleton bites you but does no damage.
You hit the water moccasin skeleton but do no damage.
The water moccasin skeleton barely misses you.
You hit the water moccasin skeleton. The water moccasin skeleton bites you.
* * * LOW HITPOINT WARNING * * *
The water moccasin skeleton bites you.
You die...

## #.........#
##.......##
##.....## ##...##
##'## #.#######
#########.......#
.........Z#####.#
#######..@.## ..
#.###..#.# #.#
....# #.###)####
##...#####.#
###.......#
#.####### #.# #.#


You could see a water moccasin skeleton.

Vanquished Creatures
  A scorpion (D:3)
  An iguana (D:4)
  7 adders
  4 gnolls (D:2)
  3 oozes
  An adder skeleton (D:4)
  A worm (D:3)
  A giant gecko (D:1)
  4 orcs
  5 giant cockroaches
  4 goblins
  9 hobgoblins
  A ball python (D:3)
  10 bats
  A giant gecko skeleton (D:4)
  8 giant newts
  2 kobolds (D:1)
  2 quokkas (D:3)
  6 rats
71 creatures vanquished.

Notes
Turn   | Place    | Note
--------------------------------------------------------------
     0 | D:1      | dohliylev the Vampire Assassin began the quest for the Orb.
     0 | D:1      | Reached XP level 1. HP: 16/16 MP: 1/1
    56 | D:1      | Reached skill level 6 in Stealth
   191 | D:1      | Reached XP level 2. HP: 19/22 MP: 2/2
   376 | D:1      | Reached skill level 7 in Stealth
   815 | D:2      | Reached XP level 3. HP: 25/27 MP: 3/3
  1041 | D:2      | Reached skill level 8 in Stealth
  1187 | D:2      | Reached XP level 4. HP: 9/33 MP: 4/4
  1355 | D:2      | Reached skill level 9 in Stealth
  1480 | D:2      | Found a sparkling altar of Nemelex Xobeh.
  1910 | D:3      | Reached XP level 5. HP: 38/38 MP: 5/5
  1919 | D:3      | Reached skill level 10 in Stealth
  2738 | D:4      | Found a staircase to the Ecumenical Temple.
  2745 | Temple   | Entered the Ecumenical Temple
  2784 | Temple   | Became a worshipper of Dithmenos the Shadowed
  3042 | D:4      | Slain by a water moccasin skeleton

Action                   |  1- 3 |  4- 6 || total
-------------------------+-------+-------++-------
Melee: Dagger            |    79 |    87 ||   166
 Fire: Blowgun           |    12 |    37 ||    49
 Abil: End Transformatio |     2 |       ||     2
       Bat Form          |     2 |       ||     2
  Use: Potion            |       |     2 ||     2
 Stab: Sleeping          |    14 |    16 ||    30
       Distracted        |     1 |     2 ||     3
